 Dungeon Crawl Stone Soup version 0.25-a0-302-g9f758675c1 (webtiles) character file.

Game seed: 7537721234812012347, levelgen mode: deterministic

85 MrRokkomies the Sneak (level 4, -6/21 HPs)
             Began as a Spriggan Enchanter on Dec 20, 2019.
             Killed by nerve-wracking pain
             ... invoked by a shadow imp
              (11 damage)
             ... on level 3 of the Dungeon.
             The game lasted 00:05:06 (2422 turns).

MrRokkomies the Sneak (Spriggan Enchanter)          Turns: 2422, Time: 00:05:06

Health: -6/21      AC:  2    Str:  5    XL:     4   Next: 25%
Magic:  9/9        EV: 21    Int: 16    God:
Gold:   65         SH:  0    Dex: 16    Spells: 2/8 levels left

rFire    . . .     SeeInvis +   a - +1 dagger
rCold    . . .     Gourm    .   (shield restricted)
rNeg     . . .     Faith    .   b - +0 robe
rPois    .         Spirit   .   (helmet restricted)
rElec    .         Reflect  .   (no cloak)
rCorr    .         Harm     .   (gloves unavailable)
MR       .....                  (boots unavailable)
Stlth    +++.......             (no amulet)
HPRegen  0.07/turn              i - +3 ring of evasion
MPRegen  0.11/turn              (no ring)

@: drained, very quick
A: very small, unfitting armour, see invisible, herbivore, speed 3, slow
metabolism 2
a: no special abilities


You were on level 3 of the Dungeon.
You were hungry.

You visited 1 branch of the dungeon, and saw 3 of its levels.

You collected 65 gold pieces.

Inventory:

Hand Weapons
 a - a +1 dagger (weapon)
Missiles
 c - 34 sling bullets
 f - 58 stones (quivered)
Armour
 b - a +0 robe (worn)
Jewellery
 i - a +3 ring of evasion (left hand)
Scrolls
 g - 2 scrolls of remove curse {unknown}
 h - a scroll of amnesia {unknown}
 k - a scroll of enchant weapon {unknown}
 m - a scroll of magic mapping {unknown}
Potions
 e - a potion of cancellation {unknown}
 j - a potion of agility {unknown}
 l - 2 potions of haste {unknown}
Comestibles
 d - 3 rations


   Skills:
 * Level 2.7(2.0) Short Blades
 + Level 3.8(3.0) Dodging
 + Level 5.2(4.4) Stealth
 - Level 2.6(1.9) Spellcasting
 * Level 4.5(3.7) Hexes


You had 2 spell levels left.
You knew the following spells:

 Your Spells              Type           Power        Failure   Level  Hunger
a - Corona                Hex            ##.....      4%          1    #......
b - Ensorcelled Hibernat  Hex/Ice        #.....       14%         2    ###....
c - Confuse               Hex            ##......     13%         3    ###....

Your spell library contained the following spells:

 Spells                   Type           Power        Failure   Level  Hunger
 Tukima's Dance           Hex            ##......     13%         3    ###....
 Dazzling Flash           Conj/Hex       #.....       28%         3    ###....


Dungeon Overview and Level Annotations

Branches:
Dungeon (3/15)

Altars:


Innate Abilities, Weirdness & Mutations

You are very small and have problems with some larger weapons.
You are too small for most types of armour.
You have supernaturally acute eyesight. (SInv)
You are a herbivore.
You cover ground extremely quickly.
You need to consume almost no food.


Message History

You are too injured to fight recklessly!
You are too injured to fight recklessly!
You are too injured to fight recklessly!
You are too injured to fight recklessly!
You hit the shadow imp but do no damage.
The shadow imp is severely wounded.
The shadow imp completely misses you.
You hit the shadow imp.
The shadow imp is severely wounded.
The shadow imp hits you.
* * * LOW HITPOINT WARNING * * *
You barely miss the shadow imp.
The shadow imp is severely wounded.
The shadow imp barely misses you.
You hit the shadow imp.
The shadow imp is almost dead.
The shadow imp gestures at you. Pain shoots through your body!
Ouch! That really hurt!
You die...

#... #... #.>.
####... ###......
######...##...
####......####...
####....######
#... #.5@.#### ..
#.## ......####
#.###.# #####
#..#..# #. #.#.##
#. #...# #.##..##
#.##..## #.#....#
##...##.#


You could see a shadow imp.

Vanquished Creatures
  A bullfrog skeleton (D:3)
  A shadow imp (D:3)
  An ooze (D:1)
  A dart slug (D:2)
  An orc (D:2)
  5 giant cockroaches
  7 hobgoblins
  2 jackals (D:1)
  6 kobolds
  A ball python (D:2)
  A bat (D:1)
  5 frilled lizards
  5 goblins
  6 rats
43 creatures vanquished.

Notes
Turn   | Place    | Note
-------+----------+-------------------------------------------
     0 | D:1      | MrRokkomies the Spriggan Enchanter began the quest for the
                  | Orb.
     0 | D:1      | Reached XP level 1. HP: 9/9 MP: 5/5
   407 | D:1      | Reached XP level 2. HP: 13/13 MP: 6/6
   411 | D:1      | Learned a level 2 spell: Ensorcelled Hibernation
  1402 | D:2      | Reached XP level 3. HP: 16/16 MP: 8/8
  1679 | D:2      | Reached skill level 5 in Stealth
  2110 | D:2      | Learned a level 3 spell: Confuse
  2183 | D:3      | Reached XP level 4. HP: 21/21 MP: 0/9
  2422 | D:3      | Killed from afar by a shadow imp

Levels and vault maps discovered:
D:1:      lemuel_arrival_lava_pool, layout_rooms, serial_forest,
          infiniplex_forest_clump_diagonal, infiniplex_forest_straight_3,
          infiniplex_forest_zigzag_1, infiniplex_forest_straight_5,
          infiniplex_forest_lined_ring, infiniplex_forest_clump_small,
          infiniplex_forest_lined_1, infiniplex_forest_lined_1,
          infiniplex_forest_lined_2, infiniplex_forest_3_way
D:2:      minmay_chambers_of_ones, layout_rooms
D:3:      layout_rooms, uniq_crazy_yiuf_cottage

Skill      XL: |  1  2  3 |
---------------+----------+-----
Hexes          | 4 |  4.5
Short Blades   | 2 |  2.7
Stealth        | 5 |  5.2
Dodging        | |  3.8
Spellcasting   | |  2.6

Action                   |  1- 3 |  4- 6 || total
-------------------------+-------+-------++-------
Melee: Dagger            |   166 |    31 ||   197
Throw: Stone             |     2 |       ||     2
 Cast: Ensorcelled Hiber |     4 |     3 ||     7
       Confuse           |     2 |       ||     2
  Use: Scroll            |     1 |       ||     1
 Stab: Sleeping          |    14 |     1 ||    15
       Distracted        |     2 |       ||     2
       Confused          |     1 |       ||     1
Armor: Robe              |     8 |     1 ||     9
Dodge: Dodged            |   129 |    19 ||   148

Table legend:
 A = Non-vault XP
 B = Vault XP
 C = Vault XP percentage of total XP
 D = Non-vault monster count
 E = Vault monster count
 F = Vault count percentage of total count
                 A         B        C        D         E       F
            +---------+---------+-------+---------+---------+-------
      Total |     114 |       8 |   6.6 |      38 |       5 |  11.6
            +---------+---------+-------+---------+---------+-------
        D:1 |      40 |       0 |   0.0 |      22 |       0 |   0.0
        D:2 |      22 |       8 |  26.7 |      13 |       5 |  27.8
        D:3 |      52 |       0 |   0.0 |       3 |       0 |   0.0
            +---------+---------+-------+---------+---------+-------
